Cogmind - Beta 15 @@@ ROGUE MODE // 2025.05.31 @ 19:27:56 // Winter2022/Polymind Player: Figgis Result: Self-destructed Performance ------------- Evolutions (6) 3000 Regions Visited (11) 2200 Robots Destroyed (22) 110 Value Destroyed (863) 863 Prototype IDs (18) 360 Alien Tech Used (0) 0 Bonus (5838) 5838 TOTAL SCORE: 12231 Bonus ------- Polymind Skill 4790 Follower Combat Kills 287 Registered with UFD 300 Met Optimus in HQ 500 Friendly Fire -39 Cogmind --------- Core Integrity 262/1150 Matter 0/0 Energy 24/25 System Corruption 6% Temperature Cool (0) Movement Core (50) Location -4/Factory Parts ------- > --- POWER (1) -------- (None) > --- PROPULSION (2) --- (None) > --- UTILITY (1) ------ Advanced Visual Processing Unit > --- WEAPON (0) ------- (None) > --- INVENTORY (0) ---- (None) Peak State ------------ > --- POWER ------------ Heavy Deuterium Engine > --- PROPULSION ------- Combat Antigrav System > --- UTILITY ---------- Advanced Launcher Guidance Computer Improved Target Analyzer Experimental Core Analyzer Improved Armor Integrity Analyzer EX Chip 1 EX Chip 1 EX Chip 1 EX Chip 1 EX Chip 1 EX Chip 1 EX Chip 1 EX Chip 1 EX Chip 1 EX Chip 1 EX Chip 2 EX Chip 2 EX Chip 2 EX Chip 2 EX Chip 2 EX Chip 2 EX Chip 2 EX Chip 2 > --- WEAPON ----------- AWS/EX-DEC > --- INVENTORY -------- Large Botcube [Rating: 101] Favorites ----------- Power Heavy Deuterium Engine Engine Heavy Deuterium Engine Power Core Light Nuclear Core Reactor Light Antimatter Reactor Propulsion Combat Antigrav System Leg Flexi-carbon Leg Hover Unit Combat Antigrav System Flight Unit Flight Unit Utility EX Chip 1 Device Microactuators Processor Advanced Launcher Guidance Computer Hackware EX Chip 1 Protection Improved Core Shielding Weapon AWS/EX-DEC Energy Gun AWS/EX-DEC Ballistic Gun Light Assault Rifle Slashing Weapon Power Sword Build | -11 -10 -10 -10 -9 -8 -8 -8 -8 -6 -5 -4 ------- Run | Yrd Mat Min Exi Min Mat Sto Rec Scr Fac Fac Fac Slots Evolved . | . . . . . . . . . . . . Power . | . . . . . . . . . . . . Propulsion . | . . . . . . . . . . . . Utility . | . . . . . . . . . . . . Weapon . | . . . . . . . . . . . . Parts Attached . | . . . . . . . . . . . . Power . | . . . . . . . . . . . . Engine . | . . . . . . . . . . . . Core . | . . . . . . . . . . . . Reactor . | . . . . . . . . . . . . Propulsion . | . . . . . . . . . . . . Treads . | . . . . . . . . . . . . Leg . | . . . . . . . . . . . . Wheel . | . . . . . . . . . . . . Hover . | . . . . . . . . . . . . Flight . | . . . . . . . . . . . . Utility . | . . . . . . . . . . . . Device . | . . . . . . . . . . . . Storage . | . . . . . . . . . . . . Processor . | . . . . . . . . . . . . Hackware . | . . . . . . . . . . . . Protection . | . . . . . . . . . . . . Artifact . | . . . . . . . . . . . . Weapon . | . . . . . . . . . . . . Energy Gun . | . . . . . . . . . . . . Energy Cannon . | . . . . . . . . . . . . Ballistic Gun . | . . . . . . . . . . . . Ballistic Cannon . | . . . . . . . . . . . . Launcher . | . . . . . . . . . . . . Special Weapon . | . . . . . . . . . . . . Impact Weapon . | . . . . . . . . . . . . Slashing Weapon . | . . . . . . . . . . . . Piercing Weapon . | . . . . . . . . . . . . Special Melee Weapon . | . . . . . . . . . . . . Unidentified Prototypes . | . . . . . . . . . . . . Parts Lost 12 | . . . . . . . . . . 1 11 Power 2 | . . . . . . . . . . . 2 Propulsion 4 | . . . . . . . . . . . 4 Utility 4 | . . . . . . . . . . . 4 Weapon 2 | . . . . . . . . . . 1 1 Highest Loss Streak 7 | . . . . . . . . . . 1 7 To Critical Strikes . | . . . . . . . . . . . . Average Backups . | . . . . . 1 1 1 . . . . Power . | . . . . . . . . . . . . Propulsion . | . . . . . . . . . . . . Utility . | . . . . . 1 1 1 . . . . Weapon . | . . . . . . . . . . . . Tool/Special . | . . . . . . . . . . . . Unused Backups 33 | . . . . . . . . 22 10 1 . Power 5 | . . . . . . . . 3 2 . . Propulsion 8 | . . . . . . . . 6 1 1 . Utility 12 | . . . . . . . . 8 4 . . Weapon 7 | . . . . . . . . 4 3 . . Tool/Special 1 | . . . . . . . . 1 . . . Average Slot Usage (%) 93 | . 33 100 48 96 96 96 96 96 96 95 81 Engine 3 | . 8 25 1 3 3 3 3 3 3 3 1 Hover 2 | . . . 1 3 3 3 3 3 3 3 4 Flight 1 | . 16 50 . . . . . . . . 9 Processor 14 | . . . 7 15 15 15 15 15 15 15 11 Hackware 64 | . . . 34 69 69 69 69 69 69 69 35 Energy Gun 2 | . . . 1 3 3 3 3 3 3 2 . Peak Build Rating 101 | . 4 4 99 100 100 100 100 101 101 100 79 Average Rating 93 | . 1 4 50 99 100 100 100 99 99 98 45 On Entrance 65 | . . 4 . 99 100 100 100 100 100 100 79 Naked Turns 152 | . 76 . 46 . . . . . . . 30 Heaviest Build 21 | . 4 4 21 21 21 21 21 21 21 21 19 Greatest Support 40 | 3 8 8 21 21 21 21 21 21 21 21 40 Greatest Overweight (x) . | . . . . . . . . . . . . Average Overweight (x) . | . . . . . . . . . . . . Largest Inventory Capacity 2 | . . . 2 2 2 2 2 2 2 2 2 Average Capacity 1 | . . . 1 2 2 2 2 2 2 2 1 Most Carried 2 | . . . 1 2 2 2 2 2 2 2 1 Average Carried 1 | . . . . 1 2 2 2 1 1 1 . Final Capacity 2 | . . . 2 2 2 2 2 2 2 2 . Final Carried 2 | . . . 1 2 2 2 2 2 2 1 . Class Distribution -------------------- 93% | Assembler Dominant Class ---------------- Cogmind | -10/Materials Swarmer | -10/Mines Assembler | -10/Exiles Assembler | -9/Mines Assembler | -8/Materials Assembler | -8/Storage Assembler | -8/Recycling Assembler | -8/Scraptown Assembler | -6/Factory Assembler | -5/Factory Assembler | -4/Factory Resources | -11 -10 -10 -10 -9 -8 -8 -8 -8 -6 -5 -4 ----------- Run | Yrd Mat Min Exi Min Mat Sto Rec Scr Fac Fac Fac Matter Collected 10 | . 10 . . . . . . . . . . Remotely . | . . . . . . . . . . . . Salvage Created 1210 | . 50 . . . . 36 81 . 423 399 221 Parts 46 | . 5 . . . . 2 3 . 15 15 6 Haulers Intercepted . | . . . . . . . . . . . . Recyclers Shooed 1 | . . . . . . . . . 1 . . Parts Field Recycled . | . . . . . . . . . . . . Retrieved Matter . | . . . . . . . . . . . . Parts Self-Destructed . | . . . . . . . . . . . . Prevented . | . . . . . . . . . . . . Kills | -11 -10 -10 -10 -9 -8 -8 -8 -8 -6 -5 -4 ------- Run | Yrd Mat Min Exi Min Mat Sto Rec Scr Fac Fac Fac Combat Hostiles Destroyed 13 | . 2 . . . . 1 1 . 3 3 3 Melee 3 | . . . . . . . . . . . 3 Guns 9 | . 2 . . . . 1 1 . 3 2 . Classes Destroyed 7 | . 1 . . . . 2 1 . 2 . 1 Operator 4 | . . . . . . . . . 3 1 . Watcher 5 | . . . . . . 1 . . 3 1 . Swarmer 3 | . 2 . . . . . . . . . 1 Grunt 2 | . . . . . . 1 . . . . 1 Sentry 4 | . . . . . . . 1 . 1 2 . Hunter 3 | . . . . . . . . . 2 1 . Programmer 1 | . . . . . . . . . . . 1 Best Kill Streak 3 | . 2 . . . . 1 1 . 2 1 3 Combat Bots Only 3 | . 2 . . . . 1 1 . 2 1 3 Max Kills in Single Turn 1 | . 1 . . . . 1 1 . 1 1 1 Gunslinging . | . . . . . . . . . . . . Exploded . | . . . . . . . . . . . . Melee 1 | . . . . . . . . . . . 1 Uniques/NPCs Destroyed . | . . . . . . . . . . . . Combat | -11 -10 -10 -10 -9 -8 -8 -8 -8 -6 -5 -4 -------- Run | Yrd Mat Min Exi Min Mat Sto Rec Scr Fac Fac Fac Hostile Shots Fired 174 | . 15 . . . . . 2 . 15 26 116 Missed 60 | . 7 . . . . . . . 5 9 39 Hits 114 | . 8 . . . . . 2 . 10 17 77 Projectile 114 | . 8 . . . . . 2 . 10 17 77 Critical Strikes 6 | . . . . . . . . . . 1 5 Actively Blocked 2 | . . . . . . . . . . . 2 Damage Taken 2364 | . 65 . . 14 . 36 32 . 202 295 1720 Core 1125 | . 16 . . . . 36 15 . 85 85 888 Absorbed by Shields . | . . . . . . . . . . . . Redirected to Shielding 101 | . . . . . . . . . . . 101 Ignored by Resistances 71 | . . . . . . . . . . . 71 Core Remaining (%) 92 | 100 . . . 93 . . . 90 90 91 . Volleys Fired 9 | . 9 . . . . . . . . . . Largest 1 | . 1 . . . . . . . . . . Hottest 20 | . 20 . . . . . . . . . . Shots Fired 64 | . 9 . . . . 7 4 . 22 22 . Gun 64 | . 9 . . . . 7 4 . 22 22 . Cannon . | . . . . . . . . . . . . Launcher . | . . . . . . . . . . . . Special . | . . . . . . . . . . . . Kinetic 9 | . 9 . . . . . . . . . . Thermal . | . . . . . . . . . . . . Explosive . | . . . . . . . . . . . . Electromagnetic 55 | . . . . . . 7 4 . 22 22 . Robot Hit Streak 23 | . 3 . . . . 9 17 . 23 13 . Robot Miss Streak 5 | . 3 . . . . 5 . . 2 5 . Penetration Max . | . . . . . . . . . . . . Secondary Targets . | . . . . . . . . . . . . Autonomous 55 | . . . . . . 7 4 . 22 22 . Shots Hit Robots 69 | . 4 . . . . 5 4 . 21 18 17 Core Hits 39 | . 2 . . . . 4 3 . 13 14 3 Critical Kills 1 | . 1 . . . . . . . . . . Critical Parts Destroyed . | . . . . . . . . . . . . Critical Strikes 13 | . 1 . . . . 2 . . 4 3 3 Destroy 1 | . 1 . . . . . . . . . . Corrupt 9 | . . . . . . 2 . . 4 3 . Sever 3 | . . . . . . . . . . . 3 Melee Attacks 20 | . . . . . . . . . . . 20 Impact . | . . . . . . . . . . . . Slashing 20 | . . . . . . . . . . . 20 Piercing . | . . . . . . . . . . . . Sneak Attacks . | . . . . . . . . . . . . Combat Hostiles . | . . . . . . . . . . . . Follow-up Attacks . | . . . . . . . . . . . . Damage Inflicted 2368 | . 36 . . . . 231 90 . 701 509 801 Guns 1513 | . 36 . . . . 231 90 . 647 509 . Cannons . | . . . . . . . . . . . . Explosions 43 | . . . . . . . . . 43 . . Melee 788 | . . . . . . . . . . . 788 Ramming 24 | . . . . . . . . . 11 . 13 Kinetic 36 | . 36 . . . . . . . . . . Thermal 43 | . . . . . . . . . 43 . . Explosive . | . . . . . . . . . . . . Electromagnetic 1477 | . . . . . . 231 90 . 647 509 . Impact . | . . . . . . . . . . . . Slashing 788 | . . . . . . . . . . . 788 Piercing . | . . . . . . . . . . . . Highest Corruption 6 | . 4 4 4 4 . . . . . . 6 Average Corruption 3 | . 3 4 4 4 . . . . . . 2 Corruption Purged . | . . . . . . . . . . . . Corruption Blocked . | . . . . . . . . . . . . Effects 7 | . . 1 1 4 . . . . . . 1 Message Errors 3 | . . . 1 2 . . . . . . . Matter Fused 1 | . . 1 . . . . . . . . . Heat Flow Errors 1 | . . . . . . . . . . . 1 Energy Discharges 2 | . . . . 2 . . . . . . . Overload Shots . | . . . . . . . . . . . . Overflow Damage 109 | . . . . . . . . . . . 109 Projectiles . | . . . . . . . . . . . . Explosions . | . . . . . . . . . . . . Melee 109 | . . . . . . . . . . . 109 Knockbacks . | . . . . . . . . . . . . Impact . | . . . . . . . . . . . . Kinetic . | . . . . . . . . . . . . Secondary . | . . . . . . . . . . . . Self-Inflicted Damage 108 | . . . . . . 36 . . 66 . 6 Shots 2 | . . . . . . 1 . . 1 . . Rammed 4 | . . . . . . . . . 1 . 3 Targets Rammed 4 | . . . . . . . . . 1 . 3 Kicked . | . . . . . . . . . . . . Crushed . | . . . . . . . . . . . . Highest Temperature 175 | . 29 . . . . 2 . . . 6 175 Average Temperature 33 | . 13 . . . . 2 . . . 6 79 Received Heat Transfer 138 | . 6 . . . . . 9 . 12 81 30 Siege Activations . | . . . . . . . . . . . . Martial Activations . | . . . . . . . . . . . . Shielding Activations . | . . . . . . . . . . . . Robots Disrupted . | . . . . . . . . . . . . Combat Hostiles . | . . . . . . . . . . . . Robots Corrupted 1 | . . . . . . . . . . 1 . Combat Hostiles 1 | . . . . . . . . . . 1 . Parts Fried 10 | . . . . . . 1 1 . 4 4 . Impact Corruptions . | . . . . . . . . . . . . Robots Melted . | . . . . . . . . . . . . Combat Hostiles . | . . . . . . . . . . . . Parts Melted . | . . . . . . . . . . . . Heat Transferred 50 | . . . . . . . . . 50 . . Parts Sabotaged . | . . . . . . . . . . . . Parts Stolen . | . . . . . . . . . . . . Parts Stripped . | . . . . . . . . . . . . Power Chain Reactions 2 | . . . . . . 1 . . 1 . . Alert | -11 -10 -10 -10 -9 -8 -8 -8 -8 -6 -5 -4 ------- Run | Yrd Mat Min Exi Min Mat Sto Rec Scr Fac Fac Fac Maximum Alert Level . | . . . . . . . . . . . . Low Security (%) 100 | 100 100 100 . 100 100 100 100 . 100 100 100 Level 1 . | . . . . . . . . . . . . Level 2 . | . . . . . . . . . . . . Level 3 . | . . . . . . . . . . . . Level 4 . | . . . . . . . . . . . . Level 5 . | . . . . . . . . . . . . High Security . | . . . . . . . . . . . . Max Security . | . . . . . . . . . . . . Peak Influence 92 | . 55 17 . . . 92 50 . 89 51 57 Initial 27 | . . 17 . . . . 27 . . . . Average 13 | . 10 8 . . . 42 14 . 16 10 13 Influence Increases 902 | . 65 . . . . 172 66 . 268 129 202 Destroy 0b10 Robot/C 460 | . 40 . . . . 100 40 . 120 60 100 Destroy 0b10 Robot/NC 45 | . . . . . . 5 . . 30 10 . Destroy Leader 110 | . 10 . . . . 12 . . 36 32 20 Allied During Kill 156 | . . . . . . 49 26 . 64 12 5 Disable Machine 15 | . . . . . . . . . 15 . . Destroy Structure 11 | . . . . . . 6 . . 3 . 2 Partial Spotted 30 | . 15 . . . . . . . . . 15 Lose Combat Pursuer 75 | . . . . . . . . . . 15 60 Influence Decreases 902 | . 20 45 . . . 100 138 . 268 129 202 Entered New Map 73 | . . 28 . . . . 45 . . . . Time Decay 461 | . 20 17 . . . 60 93 . 95 99 77 Lost Part 95 | . . . . . . . . . . 10 85 Lost Ally 144 | . . . . . . 40 . . 64 20 20 Purge Threat 109 | . . . . . . . . . 109 . . Miscellaneous 20 | . . . . . . . . . . . 20 Squads Dispatched 14 | . . . . . . . . . 6 3 5 Investigation 7 | . . . . . . . . . 4 1 2 Extermination 4 | . . . . . . . . . 2 1 1 Reinforcement 3 | . . . . . . . . . . 1 2 Assault . | . . . . . . . . . . . . Garrison . | . . . . . . . . . . . . Intercept . | . . . . . . . . . . . . Searches Triggered . | . . . . . . . . . . . . Construction Impeded . | . . . . . . . . . . . . Haulers Reinforced . | . . . . . . . . . . . . Active Scanning Responses . | . . . . . . . . . . . . Cargo Convoy Interrupts . | . . . . . . . . . . . . Stealth | -11 -10 -10 -10 -9 -8 -8 -8 -8 -6 -5 -4 --------- Run | Yrd Mat Min Exi Min Mat Sto Rec Scr Fac Fac Fac Distress Signals 5 | . 1 . . . . . . . 1 . 3 Communications Jammed . | . . . . . . . . . . . . Distress Signals . | . . . . . . . . . . . . Times Spotted 72 | . 10 . . . . 4 1 . 10 6 41 Peak Tracking Total 12 | . 6 . . . . 2 1 . 3 2 12 Tactical Retreats 3 | . . . . . . . . . . 1 2 Traps | -11 -10 -10 -10 -9 -8 -8 -8 -8 -6 -5 -4 ------- Run | Yrd Mat Min Exi Min Mat Sto Rec Scr Fac Fac Fac Traps Triggered 4 | . 2 . . . . . . . 1 . 1 Indirectly . | . . . . . . . . . . . . Trap Hack Attempts . | . . . . . . . . . . . . Triggered . | . . . . . . . . . . . . Disarmed 8 | . . . . . . 3 . . 5 . . Reprogrammed . | . . . . . . . . . . . . Reused . | . . . . . . . . . . . . Traps Extracted . | . . . . . . . . . . . . Installed . | . . . . . . . . . . . . Triggered . | . . . . . . . . . . . . Machines | -11 -10 -10 -10 -9 -8 -8 -8 -8 -6 -5 -4 ---------- Run | Yrd Mat Min Exi Min Mat Sto Rec Scr Fac Fac Fac Machines Disabled 1 | . . . . . . . . . 1 . . Max in Single Turn 1 | . . . . . . . . . 1 . . Garrison Access 1 | . . . . . . . . . 1 . . Machines Repaired . | . . . . . . . . . . . . Machines Dismantled . | . . . . . . . . . . . . Machines Sabotaged . | . . . . . . . . . . . . Overloaded Fab Kills . | . . . . . . . . . . . . Hacking | -11 -10 -10 -10 -9 -8 -8 -8 -8 -6 -5 -4 --------- Run | Yrd Mat Min Exi Min Mat Sto Rec Scr Fac Fac Fac Machines Accessed 37 | . 3 . 1 1 . 4 2 10 12 3 1 Terminals 16 | . 3 . . . . 4 . . 7 1 1 Fabricators 1 | . . . . . . . . . . 1 . Repair Stations . | . . . . . . . . . . . . Recycling Units 5 | . . . . . . . . . 4 1 . Scanalyzers . | . . . . . . . . . . . . Garrison Access 1 | . . . . . . . . . 1 . . Total Hacks 259 | . 4 . 23 1 . 25 24 91 73 15 3 Successful 238 | . . . 23 1 . 24 24 91 60 15 . Failed 21 | . 4 . . . . 1 . . 13 . 3 Catastrophic 2 | . 2 . . . . . . . . . . Database Lockouts . | . . . . . . . . . . . . Manual 87 | . 3 . . . . 22 . . 49 13 . Terminals 111 | . 4 . . . . 25 . . 67 12 3 Fabricators 1 | . . . . . . . . . . 1 . Repair Stations . | . . . . . . . . . . . . Recycling Units 7 | . . . . . . . . . 5 2 . Scanalyzers . | . . . . . . . . . . . . Garrison Access 1 | . . . . . . . . . 1 . . Terminal Hacks 224 | . . . 23 1 . 24 24 91 53 8 . Record 132 | . . . 23 . . . 24 85 . . . Part Schematic 6 | . . . . . . 2 . . 4 . . Robot Analysis 23 | . . . . . . 9 . 6 8 . . Prototype ID Bank 6 | . . . . . . 1 . . 5 . . Open Door 2 | . . . . 1 . 1 . . . . . Level Access Points 2 | . . . . . . . . . 1 1 . Branch Access Points 1 | . . . . . . 1 . . . . . Emergency Access Points 4 | . . . . . . 1 . . 2 1 . Machine Index 2 | . . . . . . . . . 1 1 . Alert Level 1 | . . . . . . . . . 1 . . Unreport Threat 4 | . . . . . . . . . 4 . . Locate Traps 7 | . . . . . . 2 . . 4 1 . Disarm Traps 2 | . . . . . . 1 . . 1 . . Dispatch Records 1 | . . . . . . . . . 1 . . Surveillance Status 2 | . . . . . . 1 . . 1 . . Patrol Status 2 | . . . . . . . . . 2 . . Transport Status 1 | . . . . . . 1 . . . . . Extermination Status 2 | . . . . . . 1 . . 1 . . Garrison Status 1 | . . . . . . . . . 1 . . Recall Investigation 7 | . . . . . . . . . 6 1 . Recall Extermination 4 | . . . . . . . . . 3 1 . Recall Reinforcements 2 | . . . . . . . . . 1 1 . Hauler Manifests 2 | . . . . . . 1 . . 1 . . Registered Components 2 | . . . . . . 1 . . 1 . . Registered Prototypes 1 | . . . . . . . . . 1 . . Zone Layout 5 | . . . . . . 1 . . 3 1 . Fabricator Hacks 1 | . . . . . . . . . . 1 . Network Status 1 | . . . . . . . . . . 1 . Repair Station Hacks . | . . . . . . . . . . . . Recycling Unit Hacks 1 | . . . . . . . . . 1 . . Report Inventory 1 | . . . . . . . . . 1 . . Scanalyzer . | . . . . . . . . . . . . Garrison Access Hacks 1 | . . . . . . . . . 1 . . Seal Access 1 | . . . . . . . . . 1 . . Unauthorized Hacks 11 | . . . . . . . . . 5 6 . Terminals 5 | . . . . . . . . . 1 4 . Botnet 2 | . . . . . . . . . 1 1 . Disrupt 1 | . . . . . . . . . . 1 . Operators 1 | . . . . . . . . . . 1 . Skim 1 | . . . . . . . . . . 1 . Fabricators . | . . . . . . . . . . . . Repair Stations . | . . . . . . . . . . . . Recycling Units 6 | . . . . . . . . . 4 2 . Recyclers 1 | . . . . . . . . . . 1 . Fedlink 5 | . . . . . . . . . 4 1 . Scanalyzers . | . . . . . . . . . . . . Garrison Access . | . . . . . . . . . . . . Data Cores Recovered 4 | . . . . . . . . . 3 1 . Used 1 | . . . . . . . . . . 1 . Hacking Detections 13 | . 3 . . . . 2 . . 6 1 1 Full Trace Events 1 | . . . . . . . . . . . 1 Feedback Events . | . . . . . . . . . . . . Feedback Blocked . | . . . . . . . . . . . . Robot Schematics Acquired . | . . . . . . . . . . . . Robots Built . | . . . . . . . . . . . . Authchips . | . . . . . . . . . . . . Time . | . . . . . . . . . . . . Total Robot Build Rating . | . . . . . . . . . . . . Part Schematics Acquired 6 | . . . . . . 2 . . 4 . . Parts Built . | . . . . . . . . . . . . Authchips . | . . . . . . . . . . . . Time . | . . . . . . . . . . . . Total Part Build Rating . | . . . . . . . . . . . . Parts Repaired . | . . . . . . . . . . . . Time . | . . . . . . . . . . . . Parts Recycled . | . . . . . . . . . . . . Recycled Matter . | . . . . . . . . . . . . Retrieved Matter . | . . . . . . . . . . . . Retrieved Components . | . . . . . . . . . . . . Parts Scanalyzed . | . . . . . . . . . . . . Part Schematics Acquired . | . . . . . . . . . . . . Parts Damaged . | . . . . . . . . . . . . Bothacking | -11 -10 -10 -10 -9 -8 -8 -8 -8 -6 -5 -4 ------------ Run | Yrd Mat Min Exi Min Mat Sto Rec Scr Fac Fac Fac Used RIF Installer . | . . . . . . . . . . . . Robots Hacked 4 | . 1 . . . . . . . . . 3 Non-combat 1 | . . . . . . . . . . . 1 Combat 3 | . 1 . . . . . . . . . 2 Robot Hacks Applied 7 | . 1 . . . . . . . . . 6 map_route 1 | . . . . . . . . . . . 1 mark_security 1 | . . . . . . . . . . . 1 find_shortcuts 3 | . 1 . . . . . . . . . 2 find_garrison 2 | . . . . . . . . . . . 2 Relay Couplers Released . | . . . . . . . . . . . . Fabnet Peak Effective % . | . . . . . . . . . . . . Robots Rewired . | . . . . . . . . . . . . Allies Hacked . | . . . . . . . . . . . . Hacks Repelled . | . . . . . . . . . . . . Allies | -11 -10 -10 -10 -9 -8 -8 -8 -8 -6 -5 -4 -------- Run | Yrd Mat Min Exi Min Mat Sto Rec Scr Fac Fac Fac Total Allies 16 | . . . . 3 . 10 . 2 1 . . Largest Group 11 | . . . . 3 3 11 9 10 10 1 . Highest-Rated Group 254 | . . . . 81 81 204 172 254 254 47 . Highest-Rated Ally 82 | . . . . 31 31 31 31 82 82 47 . Total Orders 2 | . . . . . . . . 2 . . . STAY 1 | . . . . . . . . 1 . . . FOLLOW 1 | . . . . . . . . 1 . . . Ally Attacks 90 | . . . . . . 40 1 . 45 . 4 Total Damage 1154 | . . . . . . 419 17 . 560 . 158 Kills 12 | . . . . . . 5 1 . 4 . 2 Allies Corrupted 1 | . . . . . . . . . . . 1 Allies Melted . | . . . . . . . . . . . . Turrets Deployed 1 | . . . . . . . . . . . 1 Intel | -11 -10 -10 -10 -9 -8 -8 -8 -8 -6 -5 -4 ------- Run | Yrd Mat Min Exi Min Mat Sto Rec Scr Fac Fac Fac Active Infowar (turns) 34 | . . . . . . . . . . . 34 Optics 34 | . . . . . . . . . . . 34 Robot Analysis Total 26 | . 1 . . . . 9 . 6 8 . 2 Derelict Logs Recovered 1 | . . . . 1 . . . . . . . Drone Launches . | . . . . . . . . . . . . Drone Recoveries . | . . . . . . . . . . . . Exploration | -11 -10 -10 -10 -9 -8 -8 -8 -8 -6 -5 -4 ------------- Run | Yrd Mat Min Exi Min Mat Sto Rec Scr Fac Fac Fac Turns Passed 6556 | 10 114 54 94 285 33 157 298 3824 802 522 363 Spaces Moved 7578 | 19 198 146 152 315 16 137 168 4467 855 621 484 Core 314 | 19 146 1 91 . . . . . . . 57 Treads . | . . . . . . . . . . . . Legs 5 | . . . . . . . . . . . 5 Wheels . | . . . . . . . . . . . . Hover 6915 | . . . 61 315 16 137 168 4467 855 621 275 Flight 344 | . 52 145 . . . . . . . . 147 Fastest Speed 32 | 50 37 37 50 80 80 80 80 80 80 80 32 Average Speed 76 | 50 46 37 62 80 80 80 80 80 80 80 60 Slowest Speed 120 | 50 50 50 80 80 80 80 80 80 80 80 120 Overloaded Moves . | . . . . . . . . . . . . Propulsion Burnouts . | . . . . . . . . . . . . Robots Hopped 4 | . 2 . . . . . . . . . 2 Potential Cave-ins . | . . . . . . . . . . . . Cave-ins Triggered . | . . . . . . . . . . . . Exploration Rate (%) 34 | 3 49 52 52 61 3 34 22 94 17 12 14 Regions Visited 11 Branch Regions 6 Pre-discovered Areas 7 | . . . 1 . . . . 5 1 . . Known Exits Taken 4 | . . . . . 1 1 . . 1 1 . Unknown Exits Taken 7 | 1 1 1 1 1 . . 1 1 . . . Scrap Searched 12 | . . 1 . 1 . . . 10 . . . Spaces Dug . | . . . . . . . . . . . . Terrain Destroyed 6 | . . . . . . 4 . . 2 . . Melee . | . . . . . . . . . . . . Projectile . | . . . . . . . . . . . . AOE 6 | . . . . . . 4 . . 2 . . Terrain Rammed . | . . . . . . . . . . . . Walls Destroyed . | . . . . . . . . . . . . Machines Disabled . | . . . . . . . . . . . . Actions | -11 -10 -10 -10 -9 -8 -8 -8 -8 -6 -5 -4 --------- Run | Yrd Mat Min Exi Min Mat Sto Rec Scr Fac Fac Fac Total 8313 | 18 209 145 151 347 35 184 331 4738 975 646 534 Wait 616 | . 5 . . 32 20 48 164 185 110 25 27 Move 7559 | 18 193 145 151 314 15 136 167 4466 854 620 480 Hop 4 | . 2 . . . . . . . . . 2 Pick Up 49 | . . . . 1 . . . 43 5 . . Fast Attach . | . . . . . . . . . . . . Attach . | . . . . . . . . . . . . Detach . | . . . . . . . . . . . . Swap . | . . . . . . . . . . . . Drop 50 | . . . . . . . . 43 5 1 1 Fire 9 | . 9 . . . . . . . . . . Melee 20 | . . . . . . . . . . . 20 Ram 4 | . . . . . . . . . 1 . 3 Kick . | . . . . . . . . . . . . Crush . | . . . . . . . . . . . . Escape Stasis . | . . . . . . . . . . . . Rewire 2 | . . . . . . . . 1 . . 1 Trap . | . . . . . . . . . . . . Miscellaneous . | . . . . . . . . . . . . Route ------- -11/Scrapyard -10/Materials (discovered 3 exits: [*Mat] / [*Min x2]) -10/Mines (discovered 2 exits: [*Mat] / *Exi) -10/Exiles -9/Mines -8/Materials -8/Storage -8/Recycling -8/Scraptown (discovered 2 exits: *Fac x2) -6/Factory (discovered 6 exits: *Fac x4 / *Low x2) -5/Factory (discovered 6 exits: *Fac x4 / *Upp x2) -4/Factory (discovered 4 exits: Res x4) History --------- Turn | Location | Event 4 | -11/Scrapyard | Discovered new exit (range 13) 11 | -11/Scrapyard | Entered Materials 29 | -10/Materials | Discovered new exit (range 12) 114 | -10/Materials | Discovered new exit (range 15) 119 | -10/Materials | Discovered new exit (range 16) 125 | -10/Materials | Entered Mines 170 | -10/Mines | Discovered new exit (range 9) 178 | -10/Mines | Deemed a non-threat by the Exiles lab entrance 178 | -10/Mines | Discovered new exit (range 5) 179 | -10/Mines | Entered Exiles 192 | -10/Exiles | Met 8R-AWN 200 | -10/Exiles | Met EX-HEX 218 | -10/Exiles | Met EX-DEC 225 | -10/Exiles | Took control of EX-DEC (ally) 242 | -10/Exiles | Learned location of Zion (-7) 263 | -10/Exiles | Discovered new exit (range 14) 273 | -10/Exiles | Left Exiles lab with Deploy-a-Sentry 273 | -10/Exiles | Entered Mines 274 | -9/Mines | Assembled infested the area 279 | -9/Mines | Assisted by a Guerilla fighting off Assembled 306 | -9/Mines | Learned location of 1 exit from Materials 331 | -9/Mines | Received a Mining Laser from a helpful Derelict 373 | -9/Mines | Found a damaged Exp. Sensor Array with a note attached 374 | -9/Mines | Found Prototype Device 412 | -9/Mines | Met a Derelict who couldn't figure out how to use a Trap Extractor 522 | -9/Mines | Discovered new exit (range 9) 558 | -9/Mines | Entered Materials 558 | -8/Materials | Accompanied by 3 allies 559 | -8/Materials | Identified exit to Storage 574 | -8/Materials | Led the pair of lost Derelicts to an unsafe place 591 | -8/Materials | Entered Storage 591 | -8/Storage | Accompanied by 2 allies 608 | -8/Storage | Identified exit to Recycling 655 | -8/Storage | Assisted by bots powering up and referring to "LRC-V3" 701 | -8/Storage | Used back door to open Recycling access 748 | -8/Storage | Entered Recycling 748 | -8/Recycling | Accompanied by 9 allies 817 | -8/Recycling | Scanned before Scraplab entrance 829 | -8/Recycling | Entered Scraplab 835 | -8/Recycling | Discovered new exit (range 2) 1046 | -8/Recycling | Entered Scraptown 1046 | -8/Scraptown | Accompanied by 9 allies 1234 | -8/Scraptown | Visited Bundlers 1247 | -8/Scraptown | Heard Great Nut preacher, LISTEN AND RECITE! 1287 | -8/Scraptown | Visited Cyclists 1313 | -8/Scraptown | Visited CPS Storage 1389 | -8/Scraptown | Visited UFD Registry 1395 | -8/Scraptown | Visited Comm Corps 1430 | -8/Scraptown | Visited Scrapoid Research Area 1446 | -8/Scraptown | Visited Cave Peace 1475 | -8/Scraptown | Registered with UFD as "Fiberdome" 1506 | -8/Scraptown | Entered Cyclist Reading Room 1553 | -8/Scraptown | Visited Derelict Rescue Squad 1561 | -8/Scraptown | Found DRS Beacon 1577 | -8/Scraptown | Visited Junk Cannon Lab 1603 | -8/Scraptown | Visited DA-N13 Charitable Foundation 1607 | -8/Scraptown | Found DCF Scrap (30 items) 1683 | -8/Scraptown | Visited Curators Association 1704 | -8/Scraptown | Visited Research Penetration Think Tank 1729 | -8/Scraptown | Visited Botcube Research 1733 | -8/Scraptown | Lrg. Botcube activated 1745 | -8/Scraptown | Found Lrg. Botcube 2156 | -8/Scraptown | Visited Analyses Database 2171 | -8/Scraptown | Visited Cartography Club 2256 | -8/Scraptown | Learned location of Upper Caves (-4) 2256 | -8/Scraptown | Learned location of Armory (-3) 2256 | -8/Scraptown | Learned 16 Materials zone layouts 2256 | -8/Scraptown | Learned 24 Factory zone layouts 2256 | -8/Scraptown | Learned 4 Access zone layouts 2256 | -8/Scraptown | Learned 4 Storage zone layouts 2256 | -8/Scraptown | Learned 8 Factory zone layouts 2256 | -8/Scraptown | Learned 8 Lower Caves zone layouts 2256 | -8/Scraptown | Learned 8 Upper Caves zone layouts 2256 | -8/Scraptown | Learned 16 Upper Caves zone layouts 2256 | -8/Scraptown | Learned 24 Proximity Caves zone layouts 2256 | -8/Scraptown | Learned location of 1 exit from Lower Caves 2256 | -8/Scraptown | Learned location of 1 exit from Research 2256 | -8/Scraptown | Learned 12 Lower Caves zone layouts 2332 | -8/Scraptown | Visited Chapter 10 2370 | -8/Scraptown | Visited Observation Area 3082 | -8/Scraptown | Discovered new exit (range 5) 4164 | -8/Scraptown | Found Prototype Special Weapon 4518 | -8/Scraptown | Lrg. Botcube activated 4546 | -8/Scraptown | Lrg. Botcube completed mutation into legged form, armed with 1 gun, 1 cannon. 4626 | -8/Scraptown | Discovered new exit (range 3) 4756 | -8/Scraptown | Found Deploy-a-Sentry 4790 | -8/Scraptown | Met Optimus 4790 | -8/Scraptown | Accepted into 0bPrime 4870 | -8/Scraptown | Entered Factory 4870 | -6/Factory | Accompanied by 10 allies 4871 | -6/Factory | Identified exit to Lower Caves 4872 | -6/Factory | Identified exit to Factory 4969 | -6/Factory | Loaded intel: 8 recycling unit locations 5068 | -6/Factory | Learned location of Protoforge (-3) 5417 | -6/Factory | Found Lrg. Botcube 5421 | -6/Factory | Lost 9 allies 5456 | -6/Factory | Lrg. Botcube activated 5468 | -6/Factory | Lrg. Botcube completed mutation into legged form (unarmed). 5672 | -6/Factory | Entered another Factory area 5672 | -5/Factory | Accompanied by 1 ally 5673 | -5/Factory | Identified exit to Upper Caves 5773 | -5/Factory | Identified exit to Factory 5805 | -5/Factory | Loaded intel: 8 recycling unit locations 6194 | -5/Factory | Entered another Factory area 6195 | -4/Factory | Identified exit to Research 6352 | -4/Factory | DAS Turret deployed 6524 | -4/Factory | Lost 7 parts (1p2n3u1w) 6546 | -4/Factory | Core integrity fell below 50% 6557 | -4/Factory | Self-destructed Last Messages --------------- 06525_ W-44 Eye sends out distress signal. 06535_ Neutrino Reactor explodes. 06535_ Door malfunctions. 06535_ S-27 Virus destroyed. 06535_ Chain reaction triggered in Lgt. Antimatter Reactor. 06535_ Antigrav System destroyed. 06535_ Recycling Unit disabled. 06535_ Lgt. Ion Engine tumbles out of recycling unit. 06551_ Antigrav System destroyed. 06552_ U-05 Engineer lays Concrete. 06552_ Triggered Alarm Trap. 06552_ An alarm sounds. 06552_ ALERT: Alarm triggered, dispatching investigation squad. 06553_ U-05 Engineer lays Concrete. 06554_ Slug penetrates Reinforced Barrier. 06554_ Slug penetrates Door. 06554_ U-05 Engineer lays Concrete. 06557_ Connecting with DSF Access... 06557_ ALERT: Suspicious activity at Terminal F021. Dispatching Investigation squad. Map ----- +----------------------------------------------------+ | ?????????????????# #??????????????????? | | ?????????????????# #??????????????????? | | ?????????????????# #??????????????????? | | ?????????????????# #??????????????????? | | ?????????????????# #??????????????????? | | ?????????????????# #??????????????????? | | ?????????????????# #??????????????????? | | ?????????????????# #??????????????????? | | ?????????????????# #??????????????????? | | ?????????????????? #??????????????????? | | ???????????????????? ????????????????????? | | ?????????????????????? ??????????????????????? | | ?????????###########?###;###??????????????? ?????? | | ?????????# ?# #??????????????? ?????? | | ?????????# = # #??????????????? ?????? | | ?????????# / # #??????????????# ?????? | | ?????????# ! ! + #??????????????# ?????? | | ?????????# # #??????????????# ?????? | | ?????????# """"""""" # #??????????????# ?????? | | ?????????# ?# #??????????????# #####? | | ??????????##########?# #??????????????# #? | | ????????############## #??????????????# #? | | ????????# !# #??????????????# +? | | ????????# # #??????????????+ #? | | ????????# """ """ # ##?????????????# #? | | ????????# """ """ # w T#?????????????# #? | | ????????# """ """ # p #??????######## #? | | ????????# # ##??????# #? | | ????????# # #???????# #? | | ????????# # ph#???????# #? | | ????????# [%/ h #???????# #? | | ????????# # #???????# ^ #? | | ????????# # #???????# ########? | | ????????# * # R######### #???????? | | ###################### Rw #???????? | | ## #?????# #???????? | | ## """"" #?????# #???????? | | ## """"" #?????#R #???????# | | ## """ #?????# #??????? | | ## #?????# ####/#### #??????? | | ## """"" #?????# # # ######## | | ## """"" #?????# w # """ # # | | ## """ #?????# # """ + # | | ## #?????# # """ # # | | ## #?????# k# # # | | ## #?????# # """ # # | | ## #?????# # """ ######## # | | #########+############ # """ !#??????# # | | # #??????# # | | # =[ ######## + | +----------------------------------------------------+ Best States ------------- Heat Dissipation 33 Energy Generation 26 Energy Capacity 235 Matter Stores 100 Matter Capacity 100 Sight Range 20 Terrain Scan Density 10 Resistance: EM 90 Resistance: S 25 Resistance: P 25 Core Shielding 30 Melee Speed Boost 20 Evasion (%) 63 Melee Accuracy 8 Launcher Accuracy 40 Target Analysis 6 Core Analysis 8 Armor Integrity Analysis 40 Offensive Hacking 70 Defensive Hacking 56 Item Schematics ----------------- Cryofiber Web | -8/Storage | Hacked Field Laser | -8/Storage | Hacked Adv. Shield Generator | -6/Factory | Hacked Fusion Compressor | -6/Factory | Hacked Imp. Shock Absorption System | -6/Factory | Hacked Lrn. Terrain Scanner | -6/Factory | Hacked Robot Schematics ------------------ None Fabricated ------------ Nothing Repaired ---------- Nothing Alien Tech Used ----------------- None Achievements -------------- None Challenges ------------ None Polymind | -11 -10 -10 -10 -9 -8 -8 -8 -8 -6 -5 -4 ---------- Run | Yrd Mat Min Exi Min Mat Sto Rec Scr Fac Fac Fac Hosts 5 | . 1 . 1 . . . . . . . 3 Combat Hostiles 3 | . 1 . . . . . . . . . 2 Allies 1 | . . . 1 . . . . . . . . Unique Host Classes 4 | . 1 . 1 . . . . . . . 2 Average Host Suspicion 33 | . 100 28 . 64 6 81 93 . 91 95 72 Unsuspicious Activity 79 | . . . 16 . . . . . . . 63 Returns to Shadow . | . . . . . . . . . . . . Fuzzy Dispatches 4 | . . . . . . . . . 2 1 1 Protomatter Created 281 | . . . . 25 . 44 21 . 170 . 21 Used 167 | . 6 . 33 . . . . . . . 128 Decayed 100 | . . . . . . . . . 91 . 9 Highest Spend 69 | . 6 . 33 . . . . . . . 69 Top 5 Hosts by Kills: EX-DEC (-10/Exiles: 8) L-61 Swordsman (-4/Factory: 3) S-10 Pest (-10/Materials: 2) Game ------ Seed MassNeutronDissipator Manual? 0 Play Time 00:58:09 Cumulative 168.3 hours Start 2025.05.31 @ 18:17:06 End 2025.05.31 @ 19:27:56 Sessions 1 Manual Loads 0 Difficulty Rogue Special Mode Winter2022/Polymind Game No. 256 Rogue 253 Adventurer 3 Explorer 0 Win Type - Total 1 Types 1/0/0/0/0/0/0/0/0/0 Lore% 57 Gallery% 57 Achievement% 45 Wizard Run 0 Options --------- Layout 0 ASCII 0 Keyboard 0 Movement Mouse Keybinds 0 Fullscreen 2 Font 18/SmallcapsGlow Map View 76x50 Zoom Use 0% Tactical HUD 1 Map Filters NONE Filters NONE Steam 1 RUN: 2968551a-2f5f-4cc4-b144-e01bb1693f5a